 Dungeon Crawl Stone Soup version 0.25-a0-566-g062765be81 (webtiles) character file.

Game seed: 8649648065566885419, levelgen mode: deterministic

3158 Flugslaktarn the Cleaver (level 9, -1/82 HPs)
             Began as a Deep Dwarf Fighter on Feb 28, 2020.
             Was a Believer of Makhleb.
             Slain by a two-headed ogre
             ... wielding a +0 giant spiked club
              (13 damage)
             ... on level 7 of the Dungeon.
             The game lasted 00:03:22 (3522 turns).

Flugslaktarn the Cleaver (Deep Dwarf Fighter)       Turns: 3522, Time: 00:03:22

Health: -1/82      AC:  9    Str: 22    XL:     9   Next: 62%
Magic:  7/7        EV:  8    Int: 10    God:    Makhleb [**....]
Gold:   134        SH: 11    Dex: 12    Spells: 8/8 levels left

rFire    . . .     SeeInvis .   k - +2 hand axe (distort)
rCold    . . .     Gourm    .   c - +0 kite shield
rNeg     . . .     Faith    .   b - +0 scale mail
rPois    .         Spirit   .   (no helmet)
rElec    .         Reflect  .   n - +0 cloak
rCorr    .         Harm     .   (no gloves)
MR       +....                  (no boots)
Stlth    ..........             (no amulet)
HPRegen  0.00/turn              (no ring)
MPRegen  0.10/turn              (no ring)

@: non-regenerating
A: damage resistance, heal wounds, sense surroundings 2, no regeneration
a: Heal Wounds, Minor Destruction, Renounce Religion


You were on level 7 of the Dungeon.
You worshipped Makhleb.
Makhleb was pleased with you.
You were not hungry.

You visited 1 branch of the dungeon, and saw 7 of its levels.
You also visited: Sewer.

You collected 134 gold pieces.

Inventory:

Hand Weapons
 a - a +0 war axe
 k - a +2 hand axe of distortion (weapon)
   (You took it off an orc on level 4 of the Dungeon)
Armour
 b - a +0 scale mail (worn)
 c - a +0 kite shield (worn)
 n - a +0 cloak (worn)
   (You took it off Crazy Yiuf on level 7 of the Dungeon)
Jewellery
 h - a cursed ring of protection from magic {unknown}
   (You found it on level 4 of the Dungeon)
Wands
 o - a wand of scattershot (2)
   (You took it off a crimson imp on level 5 of the Dungeon)
 x - a wand of acid (4)
   (You found it on level 7 of the Dungeon)
Scrolls
 i - 4 scrolls of magic mapping
 j - a scroll of amnesia {unknown}
 l - 2 scrolls of remove curse {unknown}
 p - a scroll of enchant weapon {unknown}
 r - 4 scrolls of identify
 s - a scroll of blinking {unknown}
 t - 3 scrolls of teleportation
 v - a scroll of vulnerability {unknown}
Potions
 d - a potion of might
 f - a potion of ambrosia {unknown}
 g - a potion of degeneration {unknown}
 m - a potion of berserk rage {unknown}
 q - 3 potions of curing
 w - 3 potions of heal wounds
 z - a potion of brilliance {unknown}
Comestibles
 e - 4 rations
 u - a chunk of flesh


   Skills:
 + Level 5.8 Fighting
 * Level 9.3 Axes
 + Level 7.1 Armour
 + Level 7.1 Shields
 + Level 5.2 Invocations


You had 8 spell levels left.
You didn't know any spells.
Your spell library was empty.

Dungeon Overview and Level Annotations

Branches:
Dungeon (7/15)             Temple (0/1) D:6           Sewer (visited)

Altars:
Hepliaklqana
Kikubaaqudgha
Makhleb
Nemelex Xobeh
Okawaru
Sif Muna
Vehumet

Shops:
D:5 %


Innate Abilities, Weirdness & Mutations

You are resistant to damage.
You can heal yourself by infusing magical energy.
You passively map the area around you.
You do not regenerate.


Message History

You are too injured to fight recklessly!
You are too injured to fight recklessly!
You are too injured to fight recklessly!
You are too injured to fight recklessly!
You are too injured to fight recklessly!
You are too injured to fight recklessly!
You are too injured to fight recklessly!
You are too injured to fight recklessly!
Your magical essence is drained by the effort!
You feel much better.
You hit the two-headed ogre.
The two-headed ogre looks slightly unstable.
The two-headed ogre is almost dead.
The two-headed ogre hits you with a +0 giant spiked club!!
The two-headed ogre hits you with a +0 giant club!!
* * * LOW HITPOINT WARNING * * *
You hit the two-headed ogre.
The two-headed ogre seems more stable.
The two-headed ogre is almost dead.
The two-headed ogre hits you with a +0 giant spiked club!
You die...

#####....#####..... ######
#...............#,
#.....##....#######..#....
#...........##.......#, [
#..........<##.###...#,
#.........##.#.###...#####
#.........##.#............
#.....###.##.####..#.#####
#<....##.@.#.#.......#
.........O.#.#.#.....# *
.######....#.#.#.....# * ,
#####........#.....#
*#........#.###.....# *
.........#.#.....[.# *
#........#.#.#.....#
#...#....#.#.#.....#
#...#.#.##.#.#####.#


You could see a two-headed ogre.

Vanquished Creatures
  Joseph (D:7)
  A hippogriff (D:7)
  Eustachio (D:5)
  4 yaks (D:6)
  Menkaure (D:7)
  An ice beast (D:7)
  4 ogres
  4 bullfrogs
  A scorpion (D:5)
  3 crimson imps
  A hound (D:6)
  A centaur zombie (D:6)
  An orc priest (D:5)
  A jelly (D:6)
  4 orc wizards (D:4)
  Crazy Yiuf (D:7)
  4 iguanas
  2 worker ants (D:6)
  5 gnolls
  14 adders
  2 river rats (D:6)
  9 oozes (Sewer)
  An adder zombie (D:6)
  A worm (D:3)
  A dart slug (D:4)
  9 leopard geckos
  20 orcs
  10 ball pythons
  4 giant cockroaches
  A goblin (D:2)
  A hobgoblin (D:3)
  4 jackals (D:4)
  2 quokkas
  A bat (D:3)
  14 frilled lizards
  3 leopard gecko skeletons
  2 quokka skeletons (D:5)
  A quokka zombie (D:6)
  6 rats
  4 rat zombies (D:5)
151 creatures vanquished.

Vanquished Creatures (others)
  A yak (D:6)
  A phantom (D:6)
  A bullfrog zombie (D:7)
  A gnoll (D:6)
  An ooze (Sewer)
  3 worms (D:6)
  A leopard gecko (Sewer)
  An orc (D:4)
  A giant cockroach (Sewer)
  A ball python (Sewer)
12 creatures vanquished.

Grand Total: 163 creatures vanquished

Notes
Turn   | Place    | Note
-------+----------+-------------------------------------------
     0 | D:1      | Flugslaktarn the Deep Dwarf Fighter began the quest for the
                  | Orb.
     0 | D:1      | Reached XP level 1. HP: 20/20 MP: 1/1
    48 | D:2      | Reached XP level 2. HP: 18/27 MP: 2/2
   186 | D:3      | Found a radiant altar of Vehumet.
   201 | D:4      | Reached skill level 3 in Axes
   201 | D:4      | Reached XP level 3. HP: 13/33 MP: 3/3
   213 | D:4      | Noticed an ogre
   221 | D:4      | Killed an ogre
   221 | D:4      | Reached XP level 4. HP: 36/42 MP: 4/4
   227 | D:4      | Reached skill level 4 in Axes
   235 | D:5      | Entered Level 5 of the Dungeon
   281 | D:4      | Reached XP level 5. HP: 35/49 MP: 5/5
   447 | D:4      | Reached XP level 6. HP: 38/56 MP: 5/5
   579 | D:4      | Reached skill level 5 in Axes
   729 | D:5      | Found an iron altar of Okawaru.
   731 | D:5      | Noticed Eustachio
   740 | D:5      | Killed Eustachio
   853 | D:5      | Found an ancient bone altar of Kikubaaqudgha.
   882 | D:5      | Reached XP level 7. HP: 50/64 MP: 5/5
   919 | D:5      | Reached skill level 5 in Armour
   919 | D:5      | Reached skill level 5 in Shields
   984 | D:5      | Reached skill level 6 in Axes
  1001 | D:5      | Found Ytyimagi's Food Shop.
  1169 | D:5      | Found a burning altar of Makhleb.
  1170 | D:5      | Found a hazy altar of Hepliaklqana.
  1200 | D:5      | Became a worshipper of Makhleb the Destroyer
  1392 | D:6      | Noticed a yak
  1396 | D:6      | Noticed a yak
  1396 | D:6      | Noticed a yak
  1396 | D:6      | Noticed a yak
  1397 | D:6      | Noticed a yak
  1399 | D:6      | Killed a yak
  1399 | D:6      | Reached skill level 1 in Invocations
  1399 | D:6      | Reached XP level 8. HP: 35/73 MP: 6/6
  1406 | D:6      | Reached skill level 7 in Axes
  1518 | D:6      | Reached skill level 5 in Fighting
  1610 | D:6      | Reached * piety under Makhleb
  1613 | D:6      | Found a glowing drain.
  1617 | Sewer    | Entered a sewer
  1891 | Sewer    | Reached ** piety under Makhleb
  1909 | Sewer    | Reached skill level 8 in Axes
  2052 | D:6      | Gained mutation: You passively map the area around you.
                  | [Deep Dwarf growth]
  2052 | D:6      | Reached XP level 9. HP: 73/81 MP: 9/9
  2075 | D:6      | Found a staircase to the Ecumenical Temple.
  3108 | D:7      | Found a sparkling altar of Nemelex Xobeh.
  3179 | D:7      | Noticed Joseph
  3180 | D:7      | Noticed Menkaure
  3196 | D:7      | Killed Menkaure
  3202 | D:7      | Killed Joseph
  3202 | D:7      | Reached skill level 9 in Axes
  3202 | D:7      | Reached skill level 5 in Invocations
  3230 | D:7      | Found a runed translucent door.
  3231 | D:7      | Noticed Crazy Yiuf
  3258 | D:7      | Killed Crazy Yiuf
  3328 | D:7      | Noticed a two-headed ogre
  3334 | D:7      | Found a shimmering blue altar of Sif Muna.
  3522 | D:7      | Slain by a two-headed ogre

Levels and vault maps discovered:
D:1:      eino_arrival_druids_welcome, layout_basic
D:2:      layout_rooms, gammafunk_temple_overflow_pools, first_ration,
          minivault_19, fedhas_ov_isle_minmay, uniq_terence, uniq_jessica
D:3:      layout_basic, marbit_many_paths, nicolae_overflow_crystal_walls,
          chequers_ecumenical_altar_island
D:4:      layout_cave_pools
D:5:      cheibrodos_iron_armory, layout_loops_cross,
          lemuel_zombie_altar_kikubaaqudgha, okawaru_metal_pillars_3,
          gammafunk_temple_overflow_statue, serial_shops, shop, uniq_eustachio
D:6:      layout_layer_cave, temple_fountains, lightli_sewer_entry_pipes,
          minmay_manual_moon
D:7:      layout_basic, nicolae_overflow_hidden_temple, old_standard_altar,
          uniq_crazy_yiuf_cottage, uniq_joseph, uniq_menkaure

Skill      XL: |  1  2  3  4  5  6  7  8  9 |
---------------+----------------------------+-----
Axes           | 3 4 5 6 8 9 |  9.3
Fighting       | 3 4 5 |  5.8
Armour         | 4 5 6 7 |  7.1
Shields        | 4 5 6 7 |  7.1
Invocations    | 1 3 5 |  5.2

Action                   |  1- 3 |  4- 6 |  7- 9 || total
-------------------------+-------+-------+-------++-------
Melee: War axe           |    48 |    90 |       ||   138
       Hand axe          |       |    37 |   373 ||   410
 Abil: Heal Wounds       |     4 |     3 |     8 ||    15
  Use: Scroll            |       |       |     4 ||     4
  Eat: Chunk             |       |       |    10 ||    10
Armor: Scale mail        |    14 |    47 |    95 ||   156
Dodge: Dodged            |    15 |    32 |    99 ||   146
Block: Kite shield       |    26 |    57 |   152 ||   235

Table legend:
 A = Non-vault XP
 B = Vault XP
 C = Vault XP percentage of total XP
 D = Non-vault monster count
 E = Vault monster count
 F = Vault count percentage of total count
                 A         B        C        D         E       F
            +---------+---------+-------+---------+---------+-------
      Total |    3220 |    1292 |  28.6 |      90 |      73 |  44.8
            +---------+---------+-------+---------+---------+-------
        D:1 |       1 |       0 |   0.0 |       1 |       0 |   0.0
        D:2 |      15 |       0 |   0.0 |       2 |       0 |   0.0
        D:3 |      10 |       0 |   0.0 |       5 |       0 |   0.0
        D:4 |     461 |       0 |   0.0 |      36 |       0 |   0.0
        D:5 |     605 |     215 |  26.2 |      16 |       5 |  23.8
        D:6 |    1627 |     136 |   7.7 |      23 |      14 |  37.8
        D:7 |     501 |     659 |  56.8 |       7 |       3 |  30.0
      Sewer |       0 |     282 | 100.0 |       0 |      51 | 100.0
            +---------+---------+-------+---------+---------+-------
